 Dungeon Crawl Stone Soup version bcrawl-1.18.1 (webtiles) character file.

Game seed: 3817873593351110192

70462 Morbidden the Eclecticist (level 15, -5/100 HPs)
             Began as a Fairy Conjurer on Nov 10, 2019.
             Was a High Priest of Vehumet.
             Slain by a tyrant leech (9 damage)
             ... on level 6 of the Lair of Beasts.
             The game lasted 00:46:15 (20245 turns).

Morbidden the Eclecticist (Fairy Conjurer)         Turns: 20245, Time: 00:46:15

Health: -5/100     AC: 12    Str:  6    XL:     15   Next: 33%
Magic:  17/38      EV: 27    Int: 27    God:    Vehumet [*****.]
Gold:   1455       SH: 17    Dex: 14    Spells: 34/48 levels left

rFire    . . .     SeeInvis .   p - +7 dagger (elec)
rCold    . . .     Gourm    .   y - +0 shield (curse)
rNeg     . . .     Faith    .   (armour unavailable)
rPois    .         Spirit   .   (no helmet)
rElec    .         Reflect  .   g - +1 cloak
rCorr    .         Harm     .   j - +0 pair of gloves
MR       +++..                  A - +0 pair of boots
Stlth    +.........             N - amulet of magic regeneration
HPRegen  0.26/turn              H - +5 ring of evasion
MPRegen  0.51/turn              K - ring of the Mage {Wiz MR++ Int+3}

@: flying evasively, slowed, very slow
A: small, magic attunement, unstealthy, unfitting armour, able to fly, AC/SH +8
a: Stop Flying, Renounce Religion


You were on level 6 of the Lair of Beasts.
You worshipped Vehumet.
Vehumet was extremely pleased with you.
You were not hungry.

You visited 3 branches of the dungeon, and saw 19 of its levels.

You collected 1455 gold pieces.

Inventory:

Hand Weapons
 p - a +7 dagger of electrocution (weapon)
Armour
 g - a +1 cloak (worn)
 j - a +0 pair of gloves (worn)
 y - a cursed +0 shield (worn)
 A - a +0 pair of boots (worn)
Jewellery
 H - a +5 ring of evasion (left hand)
 K - the ring of the Mage (right hand) {Wiz MR++ Int+3}
   (You took it off an orc wizard on level 8 of the Dungeon)

   [ring of wizardry]

   It improves your spell success rate.
   It affects your intelligence (+3).
   It affects your resistance to hostile enchantments.
 N - an amulet of magic regeneration (around neck)
 Z - an uncursed ring of fire
Wands
 d - a wand of paralysis (6)
 r - a wand of polymorph (28)
 t - a wand of random effects (8)
 v - a wand of iceblast (24)
 B - a wand of flame (20)
 D - a wand of disintegration (13)
 E - a wand of enslavement (8)
 X - a wand of scattershot (5)
Scrolls
 a - 14 scrolls of teleportation
 e - 8 scrolls of identify
 h - 3 scrolls of fear {unknown}
 i - 4 scrolls of magic mapping
 k - a scroll of noise {unknown}
 o - 9 scrolls of remove curse
 u - 3 scrolls of enchant armour {unknown}
 w - 2 scrolls of amnesia {unknown}
 z - 4 scrolls of blinking {unknown}
 I - 2 scrolls of brand weapon {unknown}
 J - 2 scrolls of silence {unknown}
 P - 2 scrolls of fog
 T - a scroll of torment {unknown}
 V - a scroll of immolation {unknown}
 W - a scroll of vulnerability {unknown}
 Y - a scroll of enchant weapon
Potions
 b - a potion of magic
 f - 12 potions of curing
 l - 3 potions of mutation
 m - 3 potions of haste
 n - 3 potions of cancellation {unknown}
 q - 4 potions of might
 s - 3 potions of agility
 x - 3 potions of resistance {unknown}
 C - 2 potions of invisibility
 F - 2 potions of ambrosia {unknown}
 G - 3 potions of brilliance {unknown}
 L - a potion of berserk rage {unknown}
 Q - a potion of lignification {unknown}
 R - 5 potions of heal wounds {unknown}
 U - a potion of flight {unknown}
Miscellaneous
 M - a lightning rod (4/4)
Comestibles
 c - 37 rations {!d}
 O - 5 chunks of flesh


   Skills:
 * Level 8.5 Fighting
 + Level 3.2 Short Blades
 * Level 10.8 Dodging
 + Level 2.5 Stealth
 + Level 6.4 Shields
 + Level 0.8 Unarmed Combat
 * Level 17.3 Spellcasting
 * Level 17.0 Conjurations
 * Level 8.1 Transmutations
 + Level 3.1 Fire Magic
 + Level 2.5 Earth Magic


You had 34 spell levels left.
You knew the following spells:

 Your Spells              Type           Power        Failure   Level  Hunger
a - Iskenderun's Mystic   Conj           #######.     0%          3    None
b - Magic Dart            Conj           ####         0%          1    None
c - Irradiate             Conj/Tmut      #######...   1%          5    None
d - Bolt of Magma         Conj/Fire/Erth ######....   1%          5    None

Your spell library contained the following spells:

 Spells                   Type           Power        Failure   Level  Hunger
 Iskenderun's Battlesphe  Conj/Chrm      ######..     1%          5    None
 Searing Ray              Conj           ######       0%          2    None
 Flame Tongue             Conj/Fire      #####        1%          1    None
 Shock                    Conj/Air       #####        1%          1    None
 Conjure Flame            Conj/Fire      ######..     1%          3    None
 Dazzling Spray           Conj/Hex       ######       1%          3    None
 Inner Flame              Hex/Fire       N/A          1%          3    None
 Stone Arrow              Conj/Erth      ######       1%          3    None
 Fulminant Prism          Conj/Hex       ######....   1%          4    None
 Sticky Flame             Conj/Fire      ######..     1%          4    None
 Yara's Violent Unravell  Hex/Tmut       #####.....   1%          4    None
 Fireball                 Conj/Fire      ######....   1%          5    None
 Lightning Bolt           Conj/Air       ######....   1%          5    None
 Flaming Arrows           Chrm/Fire      ####....     2%          2    None
 Corona                   Hex            ###....      3%          1    None
 Petrify                  Tmut/Erth      ######..     3%          4    None
 Corpse Rot               Necr           N/A          4%          2    None
 Ensorcelled Hibernation  Hex/Ice        ###...       4%          2    None
 Swiftness                Chrm/Air       ###.....     4%          2    None
 Bolt of Cold             Conj/Ice       ######....   4%          6    None
 Poison Arrow             Conj/Pois      ######....   4%          6    None
 Ice Form                 Ice/Tmut       #####...     6%          4    None
 Confuse                  Hex            ###.....     9%          3    None
 Static Discharge         Air            ###.....     9%          3    None
 Tukima's Dance           Hex            ###.....     9%          3    None
 Airstrike                Air            ###.......   9%          4    None
 Tree Form                Hex/Tmut       N/A          16%         5    None
 Mana Rupture             Conj/Hex       ######....   21%         7    None
 Metabolic Englaciation   Hex/Ice        ###.......   61%         5    None
 Summon Forest            Summ/Tloc      ###.......   61%         5    None
 Ozocubu's Refrigeration  Ice            ###.......   67%         6    None
 Death Channel            Chrm/Necr      ###.......   98%         6    None
 Freezing Cloud           Ice/Air        ###.......   98%         6    None
 Simulacrum               Ice/Necr       ###.......   98%         6    None
 Summon Hydra             Summ           ###.......   98%         6    None
 Haunt                    Necr/Summ      ###.......   100%        7    None
 Borgnjor's Revivificati  Necr           ###.......   100%        8    None
 Necromutation            Tmut/Necr      #####...     100%        8    None


Dungeon Overview and Level Annotations

Branches:
Dungeon (12/12)            Temple (1/1) D:5            Lair (6/6) D:9
 Shoals (0/3) Lair:4       Spider (0/3) Lair:3        Slime (0/5) Lair:6
    Orc (0/1) D:8          Vaults (0/3) D:11         Depths (0/5) D:12

Altars:
Ashenzari
Cheibriados
Dithmenos
Elyvilon
Fedhas
Gozag
Hepliaklqana
Kikubaaqudgha
Lugonu
Makhleb
Nemelex Xobeh
Okawaru
Qazlal
Ru
Sif Muna
Trog
Uskayaw
Vehumet
Wu Jian
Xom
Yredelemnul
Zin
The Shining One

Shops:
D:4 :   D:6 [   D:7 *   D:12 *

Annotations:
D:11 2 transporters, lis82's ghost, journeyman DgWz
Lair:6 1 runed translucent door, Gumption's ghost, journeyman FrWz


Innate Abilities, Weirdness & Mutations

Your spells do not cause hunger and MP costs are reduced by 1.
Your bright wings attract enemies. (Stealth-)
You cannot fit into any form of body armour.
Your shimmering scales are hard and can block incoming attacks. (AC +8, SH +8)
You are small and have problems with some larger weapons.
You can fly continuously.


Message History

Confirm with . or Enter, or press ? or * to list all spells.
Aiming: Iskenderun's Mystic Blast (safe; 0% risk of failure)
Press: ? - help, Shift-Dir - straight line, f - tyrant leech
Aim: a tyrant leech (moderately wounded)
The orb of energy hits the tyrant leech.
The tyrant leech is almost dead.
The orb of energy explodes!
The mystic blast hits the torpor snail.
The torpor snail is moderately wounded.
The tyrant leech bites you!!
* * * LOW HITPOINT WARNING * * *
The tyrant leech draws strength from your injuries!
Casting: Iskenderun's Mystic Blast (safe; 0% risk of failure)
Confirm with . or Enter, or press ? or * to list all spells.
Aiming: Iskenderun's Mystic Blast (safe; 0% risk of failure)
Press: ? - help, Shift-Dir - straight line, f/p - tyrant leech
Aim: a tyrant leech (moderately wounded)
The orb of energy hits the tyrant leech.
The tyrant leech is heavily wounded.
The tyrant leech bites you!
You die...

### .P.## ....### #....##
### ....## ### ##.# ##⌠..#
##P#####.#. ##..w##
#.......##. ###...#w###
#.......... #....###@$#
#.......<.. ##..###$$.$#
#........## ##..##
#$$$$$###.........# #...#
##$$$$##.........##
#..#######$$###...........
##.....## #####...........
##...#.### #...........##
#.....#..###..........###
#..PP.....#.........#####


You could see a tyrant leech and a torpor snail.

Vanquished Creatures
  An ironheart preserver (D:12)
  Josephine (D:11)
  A fire dragon (Lair:6)
  Fannar (D:12)
  An ogre mage (D:10)
  A yaktaur captain (D:11)
  A great orb of eyes (D:12)
  An ice dragon (Lair:1)
  8 hydras
  A hell beast (D:8)
  2 catoblepae
  3 two-headed ogres
  3 death yaks (Lair:6)
  3 centaur warriors
  Pikel (D:4)
  An orc knight (D:11)
  6 cyclopes
  2 lindwurms (Lair:6)
  An orb spider (Lair:3)
  A wolf spider (D:12)
  3 ugly things
  2 oklob plants
  2 deep elf magi
  13 elephants
  A manticore (shapeshifter) (D:12)
  A salamander (D:12)
  A manticore (D:12)
  A moth of wrath (shapeshifter) (D:11)
  2 rust devils (D:8)
  2 torpor snails (Lair:6)
  8 black mambas
  3 centaur zombies
  A gargoyle (D:11)
  10 cane toads
  5 rime drakes
  5 komodo dragons
  A polar bear (Lair:3)
  6 trolls
  A tengu conjurer (D:11)
  4 hornets
  3 meliai (D:12)
  A tyrant leech (Lair:6)
  2 dream sheep (Lair:6)
  12 slime creatures
  11 blink frogs
  9 hippogriffs
  A snapping turtle (Lair:4)
  A shadow (D:11)
  14 yaks (Lair:6)
  4 wraiths
  5 wyverns
  2 vampire mosquitoes (D:9)
  3 basilisks
  2 steam dragons (D:8)
  A hungry ghost (D:10)
  A warg (D:8)
  3 soldier ants (D:10)
  11 water moccasins
  3 acid dragons
  3 porcupines
  4 orc warriors
  3 ice beasts
  2 slaves (D:4)
  3 sky beasts
  A swamp drake (D:9)
  A black bear (D:6)
  8 ogres
  2 phantoms
  An eye of draining (D:9)
  7 centaurs
  17 wolves
  4 boggarts (D:12)
  11 crocodiles
  2 big kobolds
  10 bullfrogs
  A water moccasin zombie (D:6)
  2 water moccasin skeletons
  3 scorpions
  5 killer bees
  A troll skeleton (D:9)
  2 spriggan skeletons (D:9)
  2 howler monkeys
  3 electric eels
  A quasit (D:7)
  9 crimson imps
  2 bullfrog zombies
  7 hounds
  Crazy Yiuf (D:3)
  A jelly (D:11)
  9 orc priests
  3 bullfrog skeletons
  4 iguanas
  9 iron imps (D:8)
  8 centaur skeletons
  11 worker ants
  Ijyb (D:4)
  18 orc wizards
  A human simulacrum (D:10)
  2 hound skeletons
  10 gnolls
  11 adders
  An ooze (D:4)
  4 adder skeletons
  An adder zombie (D:8)
  6 worms
  4 dart slugs
  7 leopard geckos
  60 orcs
  5 ball pythons
  6 giant cockroaches
  6 goblins
  3 hobgoblins
  11 jackals
  31 kobolds
  3 quokkas
  5 bats
  6 frilled lizards
  7 rats
  A fire vortex (D:11)
  A fungus (Lair:2)
  4 plants
579 creatures vanquished.

Vanquished Creatures (others)
  A human simulacrum (D:10)
  An orc (D:11)
  A fungus (Lair:6)
  17 plants
20 creatures vanquished.

Grand Total: 599 creatures vanquished

Notes
Turn   | Place    | Note
-------+----------+-------------------------------------------
     0 | D:1      | Morbidden the Fairy Conjurer began the quest for the Orb.
     0 | D:1      | Reached XP level 1. HP: 11/11 MP: 6/6
   235 | D:1      | Reached skill level 5 in Conjurations
   296 | D:1      | Reached XP level 2. HP: 18/18 MP: 7/7
   359 | D:1      | Reached skill level 1 in Fighting
   461 | D:1      | Reached XP level 3. HP: 23/23 MP: 9/9
  1142 | D:2      | Reached XP level 4. HP: 27/28 MP: 10/10
  1456 | D:2      | Found a glowing golden altar of the Shining One.
  2260 | D:3      | Reached XP level 5. HP: 24/33 MP: 10/12
  2705 | D:3      | Found a runed door.
  2713 | D:3      | Learned a level 3 spell: Iskenderun's Mystic Blast
  2713 | D:3      | Noticed Crazy Yiuf
  2716 | D:3      | Killed Crazy Yiuf
  2808 | D:4      | Reached XP level 6. HP: 39/39 MP: 8/14
  3037 | D:4      | Found an opulent altar of Gozag.
  3063 | D:4      | Reached skill level 5 in Spellcasting
  3067 | D:4      | Reached skill level 1 in Short Blades
  3067 | D:4      | Reached XP level 7. HP: 40/45 MP: 0/16
  3580 | D:4      | Found Syurargh's Book Shoppe.
  3771 | D:4      | Noticed Ijyb
  3774 | D:4      | Reached skill level 1 in Shields
  3814 | D:4      | Killed Ijyb
  4214 | D:4      | Noticed Pikel
  4247 | D:4      | Killed Pikel
  4247 | D:4      | Reached XP level 8. HP: 53/53 MP: 6/20
  4481 | D:5      | Entered Level 5 of the Dungeon
  4815 | D:5      | Reached XP level 9. HP: 58/58 MP: 17/22
  4839 | D:5      | Learned a level 5 spell: Irradiate
  5078 | D:5      | Found a hide-covered altar of Uskayaw.
  5193 | D:5      | Found a staircase to the Ecumenical Temple.
  5208 | Temple   | Entered the Ecumenical Temple
  5487 | D:6      | Found Tavick's Armour Shoppe.
  5571 | D:5      | Found a radiant altar of Vehumet.
  5571 | D:5      | Found a shimmering altar of Xom.
  5636 | D:5      | Became a worshipper of Vehumet
  6085 | D:6      | Noticed a hornet
  6088 | D:6      | Killed a hornet
  6088 | D:6      | Reached skill level 1 in Transmutations
  6350 | D:6      | Reached skill level 10 in Conjurations
  6360 | D:6      | Reached * piety under Vehumet
  6360 | D:6      | Offered knowledge of Freeze by Vehumet.
  7233 | D:7      | Found a sparkling altar of Nemelex Xobeh.
  7346 | D:7      | Found a sacrificial altar of Ru.
  7399 | D:7      | Reached skill level 5 in Dodging
  7399 | D:7      | Reached XP level 10. HP: 65/65 MP: 12/25
  7487 | D:7      | Found Tiuk Ilu's Assorted Antiques.
  7779 | D:7      | Found a sparkling altar of Nemelex Xobeh.
  7947 | D:8      | Reached skill level 10 in Spellcasting
  8255 | D:8      | Reached ** piety under Vehumet
  8323 | D:8      | Offered knowledge of Throw Frost by Vehumet.
  8402 | D:8      | Found a staircase to the Orcish Mines.
  8521 | D:8      | Noticed a rust devil
  8521 | D:8      | Noticed a rust devil
  8521 | D:8      | Noticed a hell beast
  8536 | D:8      | Reached skill level 5 in Fighting
  8662 | D:8      | Found a burning altar of Makhleb.
  8665 | D:8      | Killed a hell beast
  8750 | D:8      | Killed a rust devil
  8810 | D:8      | Killed a rust devil
  8810 | D:8      | Reached XP level 11. HP: 72/72 MP: 23/28
  9241 | D:9      | Noticed a centaur warrior
  9246 | D:9      | Killed a centaur warrior
  9359 | D:9      | Offered knowledge of Ignite Poison by Vehumet.
  9480 | D:9      | Found an ornate altar of the Wu Jian Council.
  9733 | D:9      | Reached *** piety under Vehumet
  9811 | D:9      | Found a staircase to the Lair.
  9987 | D:9      | Found a burning altar of Makhleb.
  9987 | D:9      | Found a shadowy altar of Dithmenos.
 10374 | D:10     | Entered Level 10 of the Dungeon
 10665 | D:9      | Offered knowledge of Stone Arrow by Vehumet.
 10732 | D:10     | Noticed a two-headed ogre
 10737 | D:10     | Killed a two-headed ogre
 10884 | D:10     | Noticed a cyclops
 10890 | D:10     | Killed a cyclops
 11045 | D:10     | Noticed a green ugly thing
 11048 | D:10     | Killed a green ugly thing
 11048 | D:10     | Reached **** piety under Vehumet
 11204 | D:10     | Reached XP level 12. HP: 78/78 MP: 20/31
 11212 | D:10     | Offered knowledge of Bolt of Magma by Vehumet.
 11421 | D:10     | Learned a level 5 spell: Bolt of Magma
 11487 | D:10     | Noticed a two-headed ogre
 11488 | D:10     | Noticed an ogre mage
 11497 | D:10     | Killed an ogre mage
 11497 | D:10     | Reached skill level 1 in Fire Magic
 11501 | D:10     | Killed a two-headed ogre
 11777 | D:11     | Noticed lis82's ghost (journeyman DgWz)
 11779 | D:11     | Noticed a vampire knight
 11784 | D:11     | Noticed a centaur warrior
 11790 | D:11     | Killed a centaur warrior
 11790 | D:11     | Reached skill level 5 in Transmutations
 11855 | D:11     | Noticed a two-headed ogre
 11860 | D:11     | Killed a two-headed ogre
 11860 | D:11     | Reached skill level 1 in Earth Magic
 11879 | D:11     | Found a transporter.
 11889 | D:11     | Found a transporter.
 11911 | D:11     | Reached ***** piety under Vehumet
 11943 | D:11     | Offered knowledge of Venom Bolt by Vehumet.
 11998 | D:11     | Noticed a centaur warrior
 12003 | D:11     | Killed a centaur warrior
 12070 | D:11     | Reached skill level 5 in Shields
 12072 | D:11     | Noticed an ironheart preserver
 12076 | D:11     | Noticed Josephine
 12353 | D:11     | Reached XP level 13. HP: 85/85 MP: 24/33
 12539 | D:11     | Noticed a yaktaur captain
 12545 | D:11     | Killed a yaktaur captain
 12711 | D:11     | Killed Josephine
 12874 | D:11     | Found a gate to the Vaults.
 13166 | D:12     | Entered Level 12 of the Dungeon
 13167 | D:12     | Reached skill level 15 in Spellcasting
 13218 | D:12     | Noticed a great orb of eyes
 13223 | D:12     | Killed a great orb of eyes
 13223 | D:12     | Reached skill level 15 in Conjurations
 13234 | D:12     | Offered knowledge of Lee's Rapid Deconstruction by Vehumet.
 13427 | D:12     | Got a shimmering morningstar
 13447 | D:12     | Found a staircase to the Depths.
 13681 | D:12     | Noticed Fannar
 13689 | D:12     | Killed Fannar
 13961 | D:12     | Killed an ironheart preserver
 14178 | D:12     | Found Qaaca's General Store.
 14488 | Lair:1   | Entered Level 1 of the Lair of Beasts
 14910 | Lair:1   | Noticed an ice dragon
 14915 | Lair:1   | Killed an ice dragon
 14915 | Lair:1   | Reached XP level 14. HP: 92/92 MP: 17/35
 16137 | Lair:3   | Reached skill level 10 in Dodging
 16760 | Lair:3   | Found a hole to the Spider Nest.
 17400 | Lair:4   | Found a hazy altar of Hepliaklqana.
 17692 | Lair:4   | Found a staircase to the Shoals.
 18479 | Lair:6   | Entered Level 6 of the Lair of Beasts
 18892 | Lair:6   | Offered knowledge of Iskenderun's Battlesphere by Vehumet.
 18948 | Lair:6   | Found a runed translucent door.
 18948 | Lair:6   | Noticed Gumption's ghost (journeyman FrWz)
 19087 | Lair:6   | Found a staircase to the Slime Pits.
 19177 | Lair:6   | Reached XP level 15. HP: 99/99 MP: 26/37
 19622 | Lair:6   | Found a white marble altar of Elyvilon.
 20220 | Lair:6   | Found a runed door.
 20244 | Lair:6   | HP: 3/100 [tyrant leech (35)]
 20245 | Lair:6   | Slain by a tyrant leech

Skill      XL: |  1  2  3  4  5  6  7  8  9 10 11 12 13 14 15 |
---------------+----------------------------------------------+-----
Conjurations   | 5 6 7 8 10 11 13 14 15 16 17 | 17.0
Fighting       | 1 2 3 4 5 6 7 8 |  8.5
Spellcasting   | 3 4 5 7 9 11 13 14 15 16 17 | 17.3
Short Blades   | 1 2 3 |  3.2
Dodging        | 3 4 5 6 8 9 10 | 10.8
Shields        | 2 3 4 5 6 |  6.4
Stealth        | 2 |  2.5
Transmutations | 2 3 4 5 6 7 8 |  8.1
Fire Magic     | 2 3 |  3.1
Earth Magic    | 1 2 |  2.5
Unarmed Combat | |  0.8

Action                   |  1- 3 |  4- 6 |  7- 9 | 10-12 | 13-15 || total
-------------------------+-------+-------+-------+-------+-------++-------
Melee: Dagger            |       |    22 |   120 |    44 |    73 ||   259
       Unarmed           |       |       |    16 |       |       ||    16
 Cast: Magic Dart        |    86 |    84 |       |       |       ||   170
       Iskenderun's Myst |       |    25 |   146 |   349 |   483 ||  1003
       Irradiate         |       |       |     2 |     5 |     8 ||    15
       Bolt of Magma     |       |       |       |    17 |    34 ||    51
  Use: Scroll            |       |     4 |     5 |     6 |    12 ||    27
 Stab: Confused          |       |       |     1 |       |       ||     1
  Eat: Chunk             |     1 |     5 |    14 |    11 |    24 ||    55
       Ration            |       |       |       |     1 |       ||     1
Armor: Skin              |     1 |    16 |    28 |     8 |    13 ||    66
Dodge: Dodged            |     9 |    46 |    53 |    62 |   158 ||   328
Block: Other             |     3 |    12 |     9 |       |       ||    24
       Shield            |       |       |    84 |    67 |   160 ||   311
